Ben, chaotic male elven Wizard --- |..- ---- ...- --...---- -... |.....|.-- ..---........| -.|.........-- --............| |...[%......--- --- ---..%......--- ..| ---- |...|*.--..-- ----..--...- ---.------ .| |......... --- |...| -- --........| ...| ----- |.--- |........- ..............| |.| --.......-- -- .....[............| |.| |.........-- ......................- -- |.---------------.h........................- |...)..).....%..^.....@..G........- --.|.---------------.......-------- ----- ------.-- -- Ben the Thaumaturge Experience level: 6 Strength: 12 Dexterity: 15 Constitution: 15 Intelligence: 13 Wisdom: 10 Charisma: 9 Health: 0(29) Energy: 63(63) AC: 8 Gold: 284 Moves: 2054 Your Inventory: Coins $ - 284 gold pieces Weapons a - a blessed +1 quarterstaff (weapon in hands) Armor b - an uncursed +0 cloak of magic resistance (being worn) y - an [uncursed] +0 iron skull cap [orcish helm] (being worn) A - an [uncursed +0] large round shield [dwarvish roundshield] Comestibles n - an uncursed lichen corpse r - an [uncursed] food ration t - an [uncursed] orange Scrolls i - a blessed scroll of food detection j - 2 uncursed scrolls of confuse monster Spellbooks k - a blessed spellbook of force bolt l - an uncursed spellbook of magic missile u - an [uncursed] spellbook of teleport away Potions f - an uncursed potion of restore ability g - an uncursed potion of blindness Rings d - an uncursed ring of cold resistance e - an uncursed ring of teleport control (on right hand) x - a cursed -2 ring of gain intelligence (on left hand) B - a [cursed] iron ring [of hunger] Wands c - an uncursed wand of polymorph (0:6) Tools m - an uncursed leather drum q - an [uncursed oil] lamp (0:1022) Gems o - an uncursed amber stone Spells known in the end: Name Level Category Fail Memory a - force bolt 1 attack 14% [||||||||] b - magic missile 2 attack 0% [||||||||] c - teleport away 6 escape 100% [||||||||] Your skills at the end: Fighting Skills Weapon Skills quarterstaff [Basic / Expert] Spellcasting Skills attack spells [Basic / Expert] enchantment spells [Basic / Skilled] Final Attributes: You were piously aligned. Hunger level was 167. Your alignment was 20 / 20. Monster difficulty range was 0 - 5. Level difficulty was 4. You were immune to sleep. You were magic-protected. You saw invisible. You were telepathic. You had infravision. You had teleport control. Your luck was zero. You are dead. Vanquished creatures: a djinni a rock piercer 2 floating eyes a dwarf a giant bat an iguana a gas spore a large kobold a hobgoblin 2 giant rats 2 green molds a red mold 4 gnomes a gecko 4 jackals a goblin 4 grid bugs a bat 4 lichens 2 kobold zombies a newt 37 creatures vanquished. Voluntary challenges: You used a wielded weapon 53 times. You read items or engraved 2 times. You put on armor 2 times. You never genocided any monsters. You never polymorphed an object. You never changed form. You used no wishes. You never wrote Elbereth's name. You never encountered a bones level. You never used any Sokoban shortcuts. Dungeon overview: The Dungeons of Doom: levels 1 to 3 Level 1 a long staircase Level 3 some altars stairs to The Gnomish Mines The Gnomish Mines: Level 4 <- You were here stairs to The Dungeons of Doom History has recorded: On T:1 you entered the Dungeons of Doom to retrieve the Amulet of Yendor! On T:375 you reached level 2 of The Dungeons of Doom. On T:527 you advanced to experience level 2. On T:610 you advanced to experience level 3. On T:715 you advanced to experience level 4. On T:933 you reached level 3 of The Dungeons of Doom. On T:1442 you advanced to experience level 5. On T:1996 you reached level 1 of The Gnomish Mines. On T:2035 you advanced to experience level 6. Latest messages: You are hit by a crossbow bolt! [HP-5=4] The gnome swings her crossbow. The gnome hits! [HP-3=1] You kill the gnome! Welcome to experience level 6. [HP+3=4] [HP+1=5] You kill the giant rat! (2x) You see here a giant rat corpse. [HP+1=6] You feel momentarily lethargic. The dwarf wields a dagger! [HP+1=7] The dwarf thrusts her dagger. The dwarf hits! [HP-6=1] You kill the gnome! The dwarf thrusts her dagger. The dwarf hits! You die... Final status: Goodbye Ben the Wizard... You died in The Gnomish Mines on dungeon level 4 with 1732 points, and 284 pieces of gold, after 2054 moves. You were level 6 with a maximum of 29 hit points when you died.